 Dungeon Crawl Stone Soup version 0.30-a0-613-gdd512c7efb (webtiles) character file.

Game seed: 2730075630900390956

651 acebull12 the Covert (level 7, -10/36 HPs)
             Began as a Vine Stalker Brigand on Jan 9, 2023.
             Mangled by Pikel
             ... wielding a +2 whip of electrocution
              (11 damage)
             ... on level 4 of the Dungeon.
             The game lasted 00:11:45 (3951 turns).

acebull12 the Covert (Vine Stalker Brigand)         Turns: 3951, Time: 00:11:45

Health: -10/36     AC:  4    Str: 13    XL:     7   Next: 53%
Magic:  0/8        EV: 13    Int: 11    God:
Gold:   234        SH:  0    Dex: 18    Spells: 6/6 levels left

rFire   . . .      SeeInvis .    a - +2 dagger
rCold   + . .      Faith    .    (no shield)
rNeg    + . .      Spirit   +    p - +1 robe of Bekeuj {Contam rC+ rN+}
rPois   .          Reflect  .    (no helmet)
rElec   .          Harm     .    c - +0 cloak
rCorr   .          Rampage  .    (no gloves)
Will    .....                    (no boots)
Stlth   ++++                     (no amulet)
HPRegen 1.06/turn                (no ring)
MPRegen 0.11/turn                (no ring)

@: no status effects
A: fangs 2, regeneration 1, magic shield, antimagic bite, no potion heal 2
a: no special abilities


You were on level 4 of the Dungeon.
You visited 1 branch of the dungeon, and saw 4 of its levels.
You also visited: Sewer.

You collected 234 gold pieces.

Inventory:

Hand Weapons
 a - a +2 dagger (weapon)
 u - a +2 spear of flaming
Missiles
 d - 24 poisoned darts (quivered)
 e - 3 curare-tipped darts
Armour
 b - a +0 robe
 c - a +0 cloak (worn)
 p - the +1 robe of Bekeuj (worn) {Contam rC+ rN+}
   (You found it on level 2 of the Dungeon)

   rC:        It protects you from cold.
   rN:        It protects you from negative energy.
   Contam:    It causes magical contamination when unequipped.
Jewellery
 h - an amulet of faith
 t - a ring of positive energy
Wands
 v - a wand of digging (3)
Scrolls
 g - a scroll of immolation {unknown}
 i - 2 scrolls of identify {unknown}
 j - 2 scrolls of fog {unknown}
 l - 2 scrolls of magic mapping
 m - a scroll of poison {unknown}
 o - 2 scrolls of amnesia {unknown}
 q - 2 scrolls of blinking {unknown}
 r - 3 scrolls of enchant armour {unknown}
 s - a scroll of vulnerability {unknown}
 x - a scroll of teleportation {unknown}
Potions
 f - 4 potions of curing {unknown}
 k - 6 potions of flight
 n - a potion of might {unknown}
 w - a potion of invisibility {unknown}


   Skills:
 + Level 3.1 Fighting
 + Level 4.0 Short Blades
 + Level 2.0 Throwing
 + Level 2.6 Dodging
 + Level 8.2 Stealth


You had 6 spell levels left.
You didn't know any spells.
Your spell library contained the following spells:

 Spells                   Type           Power      Damage    Failure   Level
 Shock                    Conj/Air       0%         1d3       34%         1
 Gell's Gravitas          Tloc           0%         N/A       71%         3
 Swiftness                Air            0%         N/A       71%         3
 Teleport Other           Tloc           0%         N/A       71%         3
 Airstrike                Air            0%         2d(0-16)  98%         4
 Dispersal                Tloc           0%         N/A       100%        6


Dungeon Overview and Level Annotations

Branches:
Dungeon (4/15)              Sewer (visited)
 Temple: D:4-7

Altars:
Gozag

Shops:
D:3 ?

Annotations:
D:4 Dowan, Duvessa, Eustachio, Pikel


Innate Abilities, Weirdness & Mutations

You have extremely sharp teeth.
Your natural rate of healing is unusually fast.
When hurt, damage is shared between your health and your magic reserves.
Your bite disrupts and absorbs the magic of your enemies.
Potions cannot restore your health.


Message History

Pikel zaps a wand.
You easily resist.
The lemure shouts!
You hit Pikel but do no damage. You bite Pikel. You drain his power.
You feel invigorated.
Pikel is lightly wounded.
You closely miss Pikel.
Pikel is lightly wounded.
Pikel zaps a wand.
You easily resist.
You hit Pikel. Your bite misses Pikel.
Pikel is moderately wounded.
Pikel hits you but does no damage.
You barely miss Pikel. You bite Pikel. You drain his power.
Pikel is moderately wounded.
The lemure hits you but does no damage.
Pikel hits you with a +2 whip of electrocution.
You hit Pikel.
Pikel is moderately wounded.
Pikel hits you with a +2 whip of electrocution!
You hit Pikel but do no damage. You bite Pikel, but do no damage.
Pikel is moderately wounded.
You hit Pikel. You bite Pikel. You drain his power.
You feel invigorated.
Pikel is heavily wounded.
The lemure hits you.
Pikel zaps a wand.
You easily resist.
You closely miss Pikel. You bite Pikel. You drain his power.
You feel invigorated.
Pikel is heavily wounded.
The ogre misses you. The lemure misses you. Pikel barely misses you.
You hit Pikel but do no damage.
Pikel is heavily wounded.
The lemure hits you.
Pikel hits you with a +2 whip of electrocution!
You closely miss Pikel. You bite Pikel. You drain his power.
You feel invigorated.
Pikel is heavily wounded.
The ogre hits you with a +0 giant club!
* * * LOW HITPOINT WARNING * * *
Pikel hits you with a +2 whip of electrocution!
* * * LOW HITPOINT WARNING * * *
You are electrocuted!
You die...

.....#.....##.............#
....##.#.####............##
.>...#.._..#..#..........#
.....###.#.#..............
..#..#.....#............
..#..###.###....5......
###.........[...5###..
#..........รท.OK#
#...........55@#
#..............#
#..............#
#..............#
#..............#
#..............#
############...# #####


You could see Pikel, an ogre and 4 lemures.

Vanquished Creatures
  2 black bears (D:4)
  A necrophage (D:4)
  A howler monkey (D:4)
  A hound (D:3)
  4 gnolls
  14 adders
  3 river rats
  3 worms
  A dart slug (D:1)
  5 orcs
  13 ball pythons
  11 endoplasms
  8 giant cockroaches
  12 hobgoblins
  11 jackals
  6 kobolds
  7 quokkas
  13 bats
  7 frilled lizards
  5 goblins
  15 rats
143 creatures vanquished.

Notes
Turn   | Place    | Note
-------+----------+-------------------------------------------
     0 | D:1      | acebull12 the Vine Stalker Brigand began the quest for the
                  | Orb.
     0 | D:1      | Reached XP level 1. HP: 11/11 MP: 2/2
    54 | D:1      | Reached skill level 5 in Stealth
   157 | D:1      | Reached XP level 2. HP: 14/15 MP: 3/3
   366 | D:1      | Reached XP level 3. HP: 16/18 MP: 4/4
   959 | D:2      | Reached skill level 6 in Stealth
  1001 | D:2      | Gained mutation: Your natural rate of healing is unusually
                  | fast. [Vine Stalker growth]
  1001 | D:2      | Reached XP level 4. HP: 23/23 MP: 5/5
  1126 | D:2      | Reached skill level 1 in Dodging
  1266 | D:2      | Found a faded altar of an unknown god.
  1316 | D:2      | Identified the +1 robe of Bekeuj {Contam rC+ rN+}
  1655 | D:3      | Found Tulu's Magic Scroll Boutique.
  1723 | D:3      | Found a glowing drain.
  1728 | Sewer    | Entered a sewer
  1737 | Sewer    | Reached XP level 5. HP: 26/26 MP: 6/6
  1916 | Sewer    | Reached skill level 7 in Stealth
  2440 | D:3      | Reached XP level 6. HP: 32/32 MP: 7/7
  3296 | D:4      | Reached XP level 7. HP: 22/35 MP: 5/8
  3418 | D:4      | Noticed Eustachio
  3575 | D:4      | Found an opulent altar of Gozag.
  3640 | D:4      | Noticed Dowan
  3643 | D:4      | Noticed Duvessa
  3645 | D:4      | Reached skill level 8 in Stealth
  3934 | D:4      | Noticed Pikel
  3951 | D:4      | HP: 1/36 [Pikel/+2 whip of electrocution (9)]
  3951 | D:4      | Mangled by Pikel

Illustrated notes

Levels and vault maps discovered:
D:1:      dpeg_arrival_erosion, layout_basic, minmay_tetromino_l4
D:2:      layout_loops_ring, shapermc_ecumenical_altar_venn
D:3:      layout_basic, serial_shops, nicolae_shop_advertising_works
          [nicolae_subvault_shop_adworks], gup_sewer_entry_spiral
D:4:      layout_basic, nicolae_gozag_cash_rules_everything_around_me,
          uniq_duvessa, uniq_eustachio, uniq_pikel

Skill      XL: |  1  2  3  4  5  6  7 |
---------------+----------------------+-----
Stealth        | 5 6 7 8 |  8.2
Short Blades   | 2 3 4 |  4.0
Throwing       | 2 |  2.0
Fighting       | 2 3 |  3.1
Dodging        | 1 2 |  2.6

Action                   |  1- 3 |  4- 6 |  7- 9 || total
-------------------------+-------+-------+-------++-------
Melee: Dagger            |    83 |   249 |    71 ||   403
       Bite              |    13 |    67 |    23 ||   103
       Punch             |       |     3 |     3 ||     6
  Use: Scroll            |       |     1 |       ||     1
 Stab: Sleeping          |    14 |    25 |     2 ||    41
Armor: Robe              |    27 |    61 |    30 ||   118
Dodge: Dodged            |    31 |   173 |    67 ||   271

Table legend: (Time is in decaauts)
 A = Elapsed time spent in this place.
 B = Non-inter-level travel time spent in this place.
 C = Inter-level travel time spent in this place.
 D = Time resting spent in this place.
 E = Time spent auto-exploring this place.
 F = Levels seen in this place.
 G = Mean time per level.
                   A        B        C        D        E       F      G
               +--------+--------+--------+--------+--------+-----+--------+
         Total |   4069 |   3703 |    366 |    172 |   2248 |   5 |  813.8 |
       Dungeon |   3370 |   3004 |    366 |    156 |   1894 |   4 |  842.5 |
         Sewer |    699 |    699 |      0 |     16 |    353 |   1 |  699.0 |
               +--------+--------+--------+--------+--------+-----+--------+

Top non-repeatable levels by time:
     D:3: 1088 daAuts
     D:1: 908 daAuts
   Sewer: 699 daAuts
     D:2: 691 daAuts
     D:4: 682 daAuts
